 Dungeon Crawl Stone Soup version 0.19-a0-599-g723c685 (webtiles) character file.

15557 TheGoonsmith the Fencer (level 12, -4/128 HPs)
             Began as a Minotaur Gladiator on June 11, 2016.
             Was a High Priest of Okawaru.
             Slain by a death yak (8 damage)
             ... on level 2 of the Lair of Beasts.
             The game lasted 00:21:50 (12124 turns).

TheGoonsmith the Fencer (Minotaur Gladiator)       Turns: 12124, Time: 00:21:51

Health: -4/128     AC: 23    Str: 19    XL:     12   Next: 2%
Magic:  9/11       EV: 11    Int:  7    God:    Okawaru [*****.]
Gold:   556        SH:  0    Dex: 17    Spells: 0 memorised, 11 levels left

rFire  . . .     SeeInvis .     a - +1 long sword (flame)
rCold  . . .     Gourm    .     H - +0 plate armour
rNeg   . . .     Faith    .     (no shield)
rPois  .         Spirit   .     (helmet unavailable)
rElec  .         Dismiss  .     o - +2 cloak
rCorr  .         Reflect  .     F - +0 pair of gloves
SustAt .         Harm     .     L - +0 pair of boots
MR     .....                    (no amulet)
Stlth  ..........               M - ring of flight
                                s - ring of stealth

@: heroism, not resistant to hostile enchantments, extremely unstealthy
A: retaliatory headbutt, horns 3, talons 1, clever 1, robust 1, screaming 1
a: Heroism, Finesse, Renounce Religion, Evoke Flight


You were on level 2 of the Lair of Beasts.
You worshipped Okawaru.
Okawaru was extremely pleased with you.
You were not hungry.

You visited 3 branches of the dungeon, and saw 12 of its levels.
You also visited: Sewer.

You collected 583 gold pieces.
You spent 27 gold pieces at shops.

Inventory:

Hand Weapons
 a - a +1 long sword of flaming (weapon)
Missiles
 d - 3 throwing nets
 i - 5 tomahawks of dispersal
 u - 226 stones
 v - 5 tomahawks (quivered)
Armour
 c - a +2 hat
 o - a +2 cloak (worn)
 C - a +0 chain mail
 F - a +0 pair of gloves (worn)
 H - a +0 plate armour (worn)
 J - a +2 hat of spirit shield
 L - a +0 pair of boots (worn)
Jewellery
 s - a ring of stealth (left hand)
 M - a ring of flight (right hand)
 N - an uncursed ring of ice
Wands
 K - a wand of iceblast (4/15)
 P - a wand of enslavement (13/24)
 S - a wand of acid (7/15)
Scrolls
 b - a scroll of immolation {unknown}
 h - a scroll of fear
 j - a scroll of fog
 m - 2 scrolls of remove curse
 q - 3 scrolls of teleportation
 y - 2 scrolls of identify
 T - 2 scrolls of recharging
Potions
 e - 2 potions of haste
 g - 4 potions of curing
 k - 2 potions of heal wounds
 n - 2 potions of agility
 p - a potion of lignification {unknown}
 r - 2 potions of flight {unknown}
 w - 2 potions of ambrosia {unknown}
 x - 3 potions of brilliance {unknown}
 A - 2 potions of might {unknown}
 B - 3 potions of mutation {unknown}
 D - a potion of degeneration {unknown}
 E - a potion of cure mutation {unknown}
Comestibles
 f - 7 bread rations
 l - 11 slices of pizza
 t - 2 fruits
 z - 2 chunks of flesh


   Skills:
 - Level 14.0(19.0) Fighting
 - Level 15.5(20.5) Long Blades
 - Level 2.0(7.0) Throwing
 + Level 9.3(14.3) Armour
 - Level 3.2(8.2) Dodging


You had 11 spell levels left.
You didn't know any spells.

Dungeon Overview and Level Annotations

Branches:
Dungeon (9/15)             Temple (1/1) D:4            Lair (2/6) D:8
    Orc (0/2) D:9
  Swamp: Lair:2-4    Shoals: Lair:2-4     Snake: Lair:2-4    Spider: Lair:2-4

Altars:
Ashenzari
Cheibriados
Dithmenos
Elyvilon
Fedhas
Gozag
Hepliaklqana
Kikubaaqudgha
Makhleb
Nemelex Xobeh
Okawaru
Pakellas
Qazlal
Ru
Sif Muna
Trog
Uskayaw
Vehumet
Xom
Yredelemnul
Zin
The Shining One

Shops:
D:5 *


Innate Abilities, Weirdness & Mutations

You reflexively headbutt those who attack you in melee.
You have a pair of large horns on your head.
You have sharp toenails.
Your mind is acute. (Int +2)
You are robust. (+10% HP)
You occasionally shout uncontrollably at your foes.


Message History

You hit the death yak but do no damage. You headbutt the death yak!
The death yak is lightly wounded.
You feel a little less agile now.
You hit the death yak but do no damage.
The death yak is lightly wounded.
The death yak gores you but does no damage.
You slash the death yak! You burn the death yak.
The death yak is moderately wounded.
The death yak gores you.
* * * LOW HITPOINT WARNING * * *
You barely miss the death yak.
The death yak is moderately wounded.
You barely miss the death yak.
The death yak is moderately wounded.
The death yak gores you!!
* * * LOW HITPOINT WARNING * * *
You hit the death yak. You burn the death yak.
The death yak is heavily wounded.
The death yak gores you!
You die...

.## .....## .(.##... ..#
......##. #..... .....Yb
.###......#.. #.... ....
..............#..P ###.#
....†.........#..# ##...#
....†............# #.#Y##
..#.#.....#......# ##...#
...#.#..#....#...####...##
#...#.##.####.##@#.##Y...##
.#.#.#†##.##.#.##Y##.....P#
##.##...#....#..#...........P
.#.#.##.#..#..##†.............
...##....#.#.#.#.............
..##....#.....##.....#####...
..# #........##.#.PP..# ... ..
#.#..........#..P..P# .
#....##...#.#.####..#


You could see a death yak.

Vanquished Creatures
  Gastronok (D:9)
  A hydra (Lair:2)
  A queen ant (Lair:1)
  2 death yaks (Lair:2)
  The ghost of tijit the Spear-Bearer, a novice MfSk of Okawaru (D:9)
  The ghost of hoot the Conjurer, a novice OpWz (D:7)
  Pikel (D:4)
  A deep elf mage (D:6)
  2 spiny frogs (Lair:1)
  A komodo dragon (Lair:1)
  A two-headed ogre (D:8)
  5 blink frogs (Lair:1)
  Grinder (D:4)
  8 yaks (D:9)
  The ghost of wearedevo the Poker, an amateur NaWr (D:4)
  A human (D:8)
  2 hippogriffs
  A hungry ghost (D:6)
  Grum (D:8)
  Menkaure (D:7)
  9 soldier ants
  A porcupine (Lair:2)
  2 sky beasts (D:7)
  4 slaves (D:3)
  2 phantoms
  An orc warrior (D:7)
  3 black bears
  An eye of draining (D:9)
  An ice beast (D:6)
  An ogre (D:7)
  4 wolves (D:8)
  A crocodile (Lair:1)
  3 centaurs
  6 giant frogs
  2 scorpions
  8 wights
  A howler monkey (D:7)
  5 crimson imps
  2 jellies
  2 giant frog zombies
  3 hounds
  A gnoll shaman (D:8)
  4 orc wizards
  A giant frog skeleton (D:3)
  7 iguanas
  25 worker ants
  4 sheep (D:8)
  A hound zombie (D:6)
  3 worker ant zombies (D:6)
  15 adders
  3 gnolls (D:8)
  12 river rats (Lair:2)
  3 shadow imps
  2 oozes
  An adder zombie (D:7)
  3 worms
  5 dart slugs
  8 giant geckos
  27 orcs
  5 giant cockroaches
  17 goblins
  7 hobgoblins
  7 jackals
  4 quokkas
  5 ball pythons
  12 bats
  A giant gecko skeleton (D:6)
  4 giant newts
  A jackal skeleton (D:6)
  24 kobolds
  6 rats
  2 plants (D:6)
316 creatures vanquished.

Vanquished Creatures (others)
  A fungus (Lair:2)
1 creature vanquished.

Grand Total: 317 creatures vanquished

Notes
Turn   | Place    | Note
--------------------------------------------------------------
     0 | D:1      | TheGoonsmith the Minotaur Gladiator began the quest for the Orb.
     0 | D:1      | Reached XP level 1. HP: 18/18 MP: 0/0
   100 | D:1      | Reached skill level 4 in Long Blades
   114 | D:1      | Reached XP level 2. HP: 16/25 MP: 1/1
   564 | D:1      | Reached skill level 5 in Long Blades
   606 | D:1      | Reached XP level 3. HP: 23/30 MP: 2/2
  1162 | D:2      | Reached XP level 4. HP: 35/37 MP: 3/3
  1182 | D:2      | Reached skill level 6 in Long Blades
  1406 | D:2      | Found a basalt altar of Yredelemnul.
  1406 | D:2      | Found a shimmering altar of Xom.
  1996 | D:3      | Reached XP level 5. HP: 42/42 MP: 4/4
  2158 | D:3      | Reached skill level 7 in Long Blades
  2696 | D:3      | Reached skill level 8 in Long Blades
  2797 | D:4      | Noticed Grinder
  2798 | D:4      | Paralysed by Grinder for 2 turns
  2800 | D:4      | Reached XP level 6. HP: 42/50 MP: 5/5
  2801 | D:4      | Found a staircase to the Ecumenical Temple.
  3151 | D:4      | Killed Grinder
  3151 | D:4      | Reached skill level 9 in Long Blades
  3151 | D:4      | Reached XP level 7. HP: 56/56 MP: 6/6
  3154 | D:4      | Noticed Pikel
  3530 | D:4      | Killed Pikel
  3530 | D:4      | Reached skill level 11 in Long Blades
  3530 | D:4      | Reached XP level 8. HP: 58/62 MP: 7/7
  3546 | Temple   | Entered the Ecumenical Temple
  3617 | D:5      | Entered Level 5 of the Dungeon
  3658 | D:5      | Found Degitef's Assorted Antiques.
  3670 | D:5      | Bought a scroll labeled IFENKI QOIQ for 27 gold pieces
  3864 | D:5      | Found a burning altar of Makhleb.
  3927 | D:5      | Found a glowing drain.
  3935 | Sewer    | Entered a sewer
  4308 | D:4      | Noticed wearedevo's ghost (amateur NaWr)
  4325 | D:4      | Killed wearedevo's ghost
  4325 | D:4      | Reached skill level 12 in Long Blades
  4980 | D:6      | Reached skill level 13 in Long Blades
  5459 | D:6      | Noticed a deep elf mage
  5461 | D:6      | Noticed a sun demon
  5462 | D:6      | Noticed a demonic crawler
  5464 | D:6      | Killed a deep elf mage
  5464 | D:6      | Reached skill level 14 in Long Blades
  5464 | D:6      | Reached XP level 9. HP: 48/68 MP: 8/8
  5792 | D:7      | Found a white marble altar of Elyvilon.
  5796 | D:7      | Noticed hoot's ghost (novice OpWz)
  5845 | D:7      | Killed hoot's ghost
  5845 | D:7      | Reached skill level 15 in Long Blades
  6125 | D:7      | Found an opulent altar of Gozag.
  6179 | D:7      | Gained mutation: You occasionally shout uncontrollably at your foes. [mutagenic meat]
  6180 | D:7      | Gained mutation: You are robust. (+10% HP) [mutagenic meat]
  6181 | D:7      | Gained mutation: You have a pair of large horns on your head. [mutagenic meat]
  6182 | D:7      | Gained mutation: Your mind is acute. (Int +2) [mutagenic meat]
  6183 | D:7      | Gained mutation: You have sharp toenails. [mutagenic meat]
  6218 | D:7      | Reached skill level 5 in Fighting
  6320 | D:7      | Noticed Menkaure
  6326 | D:7      | Killed Menkaure
  6695 | D:6      | Reached XP level 10. HP: 31/91 MP: 9/9
  7081 | D:7      | Found a glowing golden altar of the Shining One.
  7414 | D:8      | Found a snail-covered altar of Cheibriados.
  7520 | D:8      | Found a hazy altar of Hepliaklqana.
  7671 | D:8      | Found a staircase to the Lair.
  7933 | D:8      | Noticed Grum
  7942 | D:8      | Killed Grum
  8044 | D:8      | Found a bloodstained altar of Trog.
  8057 | D:8      | Reached skill level 10 in Fighting
  8333 | D:9      | Noticed tijit's ghost (novice MfSk)
  8335 | D:9      | Found an iron altar of Okawaru.
  8374 | D:9      | Killed tijit's ghost
  8419 | D:9      | Became a worshipper of Warmaster Okawaru
  8474 | D:9      | Found a staircase to the Orcish Mines.
  8899 | D:9      | Noticed Gastronok
  8916 | D:9      | Killed Gastronok
  8916 | D:9      | Reached * piety under Okawaru
  8916 | D:9      | Reached ** piety under Okawaru
  8916 | D:9      | Reached XP level 11. HP: 55/116 MP: 10/10
  9695 | Lair:1   | Entered Level 1 of the Lair of Beasts
 10109 | Lair:1   | Reached *** piety under Okawaru
 10481 | Lair:1   | Reached skill level 1 in Armour
 11223 | Lair:2   | Noticed a queen ant
 11244 | Lair:2   | Reached skill level 5 in Armour
 11283 | Lair:1   | Killed a queen ant
 11283 | Lair:1   | Reached **** piety under Okawaru
 12072 | Lair:2   | Noticed a death yak
 12075 | Lair:2   | Noticed a death yak
 12075 | Lair:2   | Noticed a seven-headed hydra
 12079 | Lair:2   | Noticed a death yak
 12095 | Lair:2   | Killed a four-headed hydra
 12104 | Lair:2   | Killed a death yak
 12115 | Lair:2   | Killed a death yak
 12115 | Lair:2   | Reached ***** piety under Okawaru
 12115 | Lair:2   | Reached XP level 12. HP: 24/128 MP: 11/11
 12123 | Lair:2   | HP: 4/128 [death yak (18)]
 12124 | Lair:2   | Slain by a death yak

Vault maps used:
D:1:      eino_arrival_tree_alley
D:2:      wad_river_or_something, grunt_temple_overflow_open
D:3:      kennysheep_big_flooded_room, minmay_box_of_dots
D:4:      minmay_temple_entry_grid, dk_noncrumbling_4, uniq_pikel, uniq_grinder
D:5:      nicolae_overflow_crystal_walls, first_bread,
          lightli_sewer_entry_pipes, serial_shops, shop_statue
D:6:      serial_bayou_lagoon_a, guppyfry_early_elven_hall
D:7:      hangedman_cross_stitches, elyvilon_altar_1,
          lemuel_coloured_pillars_altar, nicolae_gozag_seed_capital,
          uniq_menkaure
D:8:      old_standard_altar, lemuel_round_altar, trog_ov_bears_minmay,
          lair_0_dummy, grunt_livestock, lightli_corner_chamber, uniq_grum
D:9:      okawaru_altar_gauntlet_db, uniq_gastronok
Temple:   nicolae_temple_x_marks_the_god
Lair:1:   st_stairs_12, grunt_megastairs_2
Lair:2:   minmay_shoals_entry_beasts, dummy_snake_entry, minmay_another_anthill,
          lemuel_fruit_tree, serial_bayou_shore_b, lemuel_fruit_fields
Sewer:    kennysheep_pipe_town

Skill      XL: |  1  2  3  4  5  6  7  8  9 10 11 |
---------------+----------------------------------+-----
Long Blades    | 4 5 6 8 9 11 14 15 | 15.5
Fighting       | 6 12 14 | 14.0
Armour         | 9 |  9.3
Throwing       | |  2.0
Dodging        | |  3.2

Action                   |  1- 3 |  4- 6 |  7- 9 | 10-12 || total
-------------------------+-------+-------+-------+-------++-------
Melee: Long sword        |    79 |   130 |   333 |   492 ||  1034
       Headbutt          |     9 |    20 |    68 |   107 ||   204
       Kick              |       |       |    12 |    80 ||    92
       Punch             |       |       |       |     2 ||     2
Throw: Tomahawk          |       |       |       |     3 ||     3
Invok: Heroism           |       |       |       |     3 ||     3
  Use: Scroll            |       |    13 |     3 |     5 ||    21
       Potion            |       |       |     6 |     6 ||    12
 Stab: Sleeping          |     1 |       |       |       ||     1
       Invisible         |       |       |     1 |     4 ||     5
  Eat: Chunk             |     1 |     6 |    14 |    11 ||    32
       Bread ration      |       |       |     1 |       ||     1
       Meat ration       |       |       |       |     1 ||     1
       Fruit             |       |       |       |     2 ||     2
Armor: Leather armour    |    18 |    17 |       |       ||    35
       Chain mail        |       |    55 |   164 |       ||   219
       Plate armour      |       |       |    50 |   216 ||   266
Dodge: Dodged            |    51 |    75 |   113 |   138 ||   377
